 Dungeon Crawl Stone Soup version 0.27-a0-343-gfcad680f63 (webtiles) character file.

Game seed: 12159681289758023868

2169 skwiii the Ogre Mage (level 9, -1/80 HPs)
             Began as an Ogre Venom Mage on Feb 14, 2021.
             Was an Initiate of Vehumet.
             Slain by a killer bee (7 damage)
             ... on level 6 of the Dungeon.
             The game lasted 00:36:10 (12748 turns).

skwiii the Ogre Mage (Ogre Venom Mage)             Turns: 12748, Time: 00:36:11

Health: -1/80      AC:  3    Str: 14    XL:     9   Next: 32%
Magic:  17/20      EV: 12    Int: 19    God:    Vehumet [......]
Gold:   351        SH:  0    Dex: 15    Spells: 9/22 levels left

rFire    . . .     SeeInvis .   r - +2 dagger (venom)
rCold    . . .     Faith    .   (no shield)
rNeg     . . .     Spirit   .   a - +0 robe
rPois    +         Reflect  .   (helmet restricted)
rElec    .         Harm     .   (no cloak)
rCorr    .         Rampage  .   (gloves unavailable)
Will     .....                  (boots unavailable)
Stlth    ++........             (no amulet)
HPRegen  0.23/turn              o - +6 ring of dexterity
MPRegen  0.17/turn              u - ring of poison resistance

@: no status effects
A: large, unfitting armour, tough skin 1
a: Renounce Religion


You were on level 6 of the Dungeon.
You worshipped Vehumet.
Vehumet was noncommittal.
You visited 2 branches of the dungeon, and saw 10 of its levels.

You collected 351 gold pieces.

Inventory:

Hand Weapons
 f - a +0 giant spiked club
 q - a +0 flail
 r - a +2 dagger of venom (weapon)
Armour
 a - a +0 robe (worn)
 j - a +0 pair of boots
Jewellery
 o - a +6 ring of dexterity (left hand)
 u - a ring of poison resistance (right hand)
 w - an amulet of magic regeneration {unknown}
Wands
 s - a wand of polymorph (10)
 x - a wand of random effects (18)
Scrolls
 g - 2 scrolls of identify
 h - 2 scrolls of magic mapping
Potions
 c - 5 potions of curing
 d - a potion of haste {unknown}
 e - a potion of cancellation
 i - a potion of degeneration {unknown}
 k - a potion of brilliance
 l - a potion of flight {unknown}
 n - a potion of heal wounds {unknown}
 p - a potion of magic {unknown}
 t - a potion of attraction {unknown}
 v - a potion of lignification {unknown}


   Skills:
 + Level 2.4 Fighting
 - Level 1.0 Short Blades
 + Level 4.1 Dodging
 - Level 1.4 Stealth
 * Level 7.3 Spellcasting
 + Level 4.0 Transmutations
 + Level 3.6 Air Magic
 * Level 6.5 Poison Magic


You had 9 spell levels left.
You knew the following spells:

 Your Spells              Type           Power        Failure   Level
a - Sting                 Tmut/Pois      100%         1%          1
b - Poisonous Vapours     Pois/Air       52%          1%          2
c - Ignite Poison         Fire/Tmut/Pois 20%          7%          3
d - Mephitic Cloud        Conj/Pois/Air  19%          8%          3
e - Olgreb's Toxic Radia  Pois           31%          7%          4

Your spell library contained the following spells:

 Spells                   Type           Power        Failure   Level


Dungeon Overview and Level Annotations

Branches:
Dungeon (9/15)             Temple (1/1) D:7
   Lair: D:8-11         Orc: D:9-12

Altars:
Ashenzari
Cheibriados
Dithmenos
Elyvilon
Fedhas
Gozag
Hepliaklqana
Kikubaaqudgha
Makhleb
Nemelex Xobeh
Okawaru
Qazlal
Ru
Sif Muna
Trog
Uskayaw
Vehumet
Wu Jian
Xom
Yredelemnul
Zin
The Shining One

Shops:
D:6 (

Annotations:
D:3 1 exclusion


Innate Abilities, Weirdness & Mutations

You are too large for most types of armour.
You have tough skin. (AC +1)


Message History

The killer bee stings you.
The killer bee stings you but does no damage.
The killer bee barely misses you. The killer bee misses you.
The killer bee stings you. The killer bee stings you!
* * * LOW HITPOINT WARNING * * *
The killer bee completely misses you. The killer bee barely misses you.
The killer bee stings you but does no damage.
There is an escape hatch in the ceiling here.
The killer bee stings you.
* * * LOW HITPOINT WARNING * * *
The killer bee stings you.
* * * LOW HITPOINT WARNING * * *
The killer bee stings you but does no damage.
The killer bee stings you.
* * * LOW HITPOINT WARNING * * *
A mysterious force pulls you upwards. The hatch slams shut behind you.
You can't go up here!
Okay, then.
Okay, then.
Casting: Poisonous Vapours (safe; 1% risk of failure)
Confirm with . or Enter, or press ? or * to list all spells.
Aiming: Poisonous Vapours (safe; 1% risk of failure)
Press: ? - help, Dir - move target, f - killer bee
Aim: a killer bee
Okay, then.
Casting: Poisonous Vapours (safe; 1% risk of failure)
Confirm with . or Enter, or press ? or * to list all spells.
Aiming: Mephitic Cloud (dangerous; 8% risk of failure)
Press: ? - help, Shift-Dir - straight line The ball explodes into a vile cloud!
The stinking cloud engulfs the killer bee but does no damage. x2
The killer bee stings you.
* * * LOW HITPOINT WARNING * * *
The killer bee barely misses you. The killer bee closely misses you.
The killer bee barely misses you. The killer bee closely misses you.
The killer bee stings you.
* * * LOW HITPOINT WARNING * * *
The killer bee stings you!
You die...

##### #...#################
###.#○○.yy@...##<.....#
#.....○..##.#.##.####.#
#..#.##..##.#.##.# #.#
#..#.##..##......# #.#
#..#.##..####.#### #.####
#..#>##..####.##### #....#
#.................######.##
#.......###.......##..[....
#......## #.......##.###.#.


You could see 2 killer bees.

Vanquished Creatures
  Pikel (D:4)
  Eustachio (D:4)
  A sky beast (D:7)
  3 ogres
  3 centaurs
  2 lemures (D:4)
  2 bullfrogs (D:6)
  3 killer bees
  2 howler monkeys (D:6)
  2 hounds
  2 orc priests
  2 bullfrog skeletons (D:5)
  2 jellies (D:6)
  4 orc wizards (D:5)
  4 worker ants
  9 adders
  A shadow imp (D:6)
  A white imp (D:6)
  An ufetubus (D:5)
  An ooze (D:3)
  An adder zombie (D:6)
  4 worms (D:2)
  6 leopard geckos
  19 orcs
  6 bats
  8 giant cockroaches
  9 goblins
  7 hobgoblins
  4 jackals
  2 quokkas
  3 ball pythons
  10 frilled lizards
  A jackal skeleton (D:5)
  7 kobolds
  A leopard gecko zombie (D:5)
  A quokka zombie (D:6)
  11 rats
147 creatures vanquished.

Vanquished Creatures (others)
  2 plants (D:4)
2 creatures vanquished.

Grand Total: 149 creatures vanquished

Notes
Turn   | Place    | Note
-------+----------+-------------------------------------------
     0 | D:1      | skwiii the Ogre Venom Mage began the quest for the Orb.
     0 | D:1      | Reached XP level 1. HP: 16/16 MP: 3/3
   508 | D:1      | Reached XP level 2. HP: 24/24 MP: 3/5
   511 | D:1      | Learned a level 2 spell: Poisonous Vapours
  1555 | D:1      | Reached XP level 3. HP: 31/31 MP: 4/7
  1835 | D:2      | Reached skill level 1 in Transmutations
  1894 | D:2      | Reached skill level 3 in Spellcasting
  1947 | D:2      | Found an ancient bone altar of Kikubaaqudgha.
  2233 | D:2      | Reached XP level 4. HP: 39/39 MP: 0/8
  4040 | D:3      | Reached skill level 1 in Air Magic
  4112 | D:3      | Reached XP level 5. HP: 22/45 MP: 1/10
  5223 | D:4      | Noticed a centaur
  5229 | D:4      | Killed a centaur
  5230 | D:4      | Reached skill level 4 in Spellcasting
  5666 | D:4      | Noticed Eustachio
  5844 | D:4      | Killed Eustachio
  5845 | D:4      | Reached XP level 6. HP: 25/53 MP: 0/12
  6311 | D:4      | Learned a level 3 spell: Ignite Poison
  6315 | D:4      | Learned a level 3 spell: Mephitic Cloud
  6320 | D:4      | Learned a level 4 spell: Olgreb's Toxic Radiance
  6431 | D:4      | Noticed Pikel
  6675 | D:4      | Killed Pikel
  6676 | D:4      | Reached skill level 5 in Spellcasting
  6676 | D:4      | Reached skill level 5 in Poison Magic
  6676 | D:4      | Reached XP level 7. HP: 47/59 MP: 5/15
  7101 | D:4      | Reached XP level 8. HP: 67/67 MP: 12/16
  7344 | D:5      | Entered Level 5 of the Dungeon
  7762 | D:5      | Reached skill level 6 in Spellcasting
  8964 | D:6      | Reached skill level 1 in Short Blades
  9090 | D:6      | Found Zinlas's Weapon Emporium.
  9620 | D:6      | Reached skill level 1 in Fighting
 10206 | D:6      | Reached XP level 9. HP: 76/76 MP: 16/19
 10465 | D:6      | Reached skill level 7 in Spellcasting
 10840 | D:6      | You fall into a shaft and drop 3 floors!
 12519 | D:7      | Found a staircase to the Ecumenical Temple.
 12535 | Temple   | Entered the Ecumenical Temple
 12656 | Temple   | Became a worshipper of Vehumet
 12748 | D:6      | Slain by a killer bee

Illustrated notes

Levels and vault maps discovered:
D:1:      minmay_arrival_pointy, layout_basic, hex_large, st_stairs_11
D:2:      layout_loops_ring, old_standard_altar
D:3:      layout_rooms
D:4:      layout_cave_pods, serial_bayou_pond_c, uniq_eustachio, uniq_pikel
D:5:      layout_rooms
D:6:      layout_loops_cross, serial_shops, shop, minivault_5
D:7:      layout_basic, minmay_temple_entry_grid
D:8:      layout_gridville, serial_shops, shop
D:9:      layout_basic, david_orc_1_choice
Temple:   dpeg_three_leaves_temple

Skill      XL: |  1  2  3  4  5  6  7  8  9 |
---------------+----------------------------+-----
Poison Magic   | 3 4 5 6 |  6.5
Transmutations | 1 2 3 4 |  4.0
Spellcasting   | 3 4 5 6 7 |  7.3
Dodging        | 2 3 4 |  4.1
Air Magic      | 1 2 3 |  3.6
Short Blades   | 1 |  1.0
Fighting       | 1 2 |  2.4
Stealth        | |  1.4

Action                   |  1- 3 |  4- 6 |  7- 9 || total
-------------------------+-------+-------+-------++-------
Melee: Unarmed           |     9 |     6 |       ||    15
       Dagger            |       |       |   143 ||   143
 Cast: Sting             |    49 |    36 |    29 ||   114
       Poisonous Vapours |    21 |    85 |    91 ||   197
       Mephitic Cloud    |       |       |     1 ||     1
       Olgreb's Toxic Ra |       |       |     1 ||     1
  Use: Scroll            |     1 |     6 |     8 ||    15
       Potion            |       |       |     3 ||     3
Armor: Robe              |    32 |    28 |    43 ||   103
Dodge: Dodged            |    55 |    58 |   140 ||   253

Table legend: (Time is in decaauts)
 A = Elapsed time spent in this place.
 B = Non-inter-level travel time spent in this place.
 C = Inter-level travel time spent in this place.
 D = Time resting spent in this place.
 E = Time spent auto-exploring this place.
 F = Levels seen in this place.
 G = Mean time per level.
                   A        B        C        D        E       F      G
               +--------+--------+--------+--------+--------+-----+--------+
         Total |  12760 |  12520 |    240 |   6040 |   3778 |  10 | 1276.0 |
       Dungeon |  12599 |  12359 |    240 |   6040 |   3778 |   9 | 1399.9 |
        Temple |    160 |    160 |      0 |      0 |      0 |   1 |  160.0 |
               +--------+--------+--------+--------+--------+-----+--------+

Top non-repeatable levels by time:
     D:5: 2379 daAuts
     D:4: 2163 daAuts
     D:6: 2034 daAuts
     D:2: 1863 daAuts
     D:1: 1809 daAuts
     D:3: 1756 daAuts
     D:7: 546 daAuts
  Temple: 160 daAuts
     D:8: 38 daAuts
     D:9: 9 daAuts
